 Dungeon Crawl Stone Soup version 0.30-a0-6-g7c9e10e132 (webtiles) character file.

Game seed: 5965674874830485690

30 spaghetti the Conjurer (level 3, -2/24 HPs)
             Began as a Mummy Conjurer on Aug 22, 2022.
             Slain by a kobold
             ... wielding a +3 short sword of protection
              (5 damage)
             ... on level 1 of the Dungeon.
             The game lasted 00:01:28 (1067 turns).

spaghetti the Conjurer (Mummy Conjurer)             Turns: 1067, Time: 00:01:29

Health: -2/24      AC:  2    Str: 10    XL:     3   Next: 5%
Magic:  0/8        EV: 11    Int: 19    God:
Gold:   0          SH:  0    Dex: 10    Spells: 8/9 levels left

rFire   x . .      SeeInvis .    c - +0 club {mace}
rCold   + . .      Faith    .    (no shield)
rNeg    + + +      Spirit   .    a - +0 robe rPois โˆž Reflect .
                                 (no helmet)
rElec   .          Harm     .    (no cloak)
rCorr   .          Rampage  .    (no gloves)
Will    .....                    (no boots)
Stlth   ++........               (no amulet)
HPRegen 0.08/turn                (no ring)
MPRegen 0.11/turn                (no ring)

@: no status effects
A: cold resistance 1, negative energy resistance 3, torment resistance 2, heat
vulnerability 1, in touch with death 1, no potions
a: no special abilities


You were on level 1 of the Dungeon.
You visited 1 branch of the dungeon, and saw 1 of its levels.


Innate Abilities, Weirdness & Mutations

You are immune to poison.
Your flesh is cold resistant. (rC+)
You are immune to negative energy. (rN+++)
You are immune to unholy pain and torment.
You are vulnerable to heat. (rF-)
You are in touch with the powers of death.
You do not drink.


   Skills:
 - Level 1.5 Dodging
 - Level 1.5 Stealth
 * Level 3.5 Spellcasting
 * Level 3.6 Conjurations
 + Level 0.5 Earth Magic


You had 8 spell levels left.
You knew the following spells:

 Your Spells              Type           Power      Damage    Failure   Level
a - Magic Dart            Conj           68%        1d6       3%          1

Your spell library contained the following spells:

 Spells                   Type           Power      Damage    Failure   Level
 Searing Ray              Conj           34%        2d5       4%          2
 Stone Arrow              Conj/Erth      22%        3d8       19%         3
 Dazzling Flash           Conj/Hex       20%        N/A       21%         3
 Call Imp                 Summ           3%         N/A       22%         2
 Mephitic Cloud           Conj/Pois/Air  7%         N/A       26%         3
 Fulminant Prism          Conj/Hex       5%         3d7       56%         4
 Iskenderun's Mystic Bla  Conj/Tloc      10%        2d4       56%         4
 Animate Armour           Summ/Erth      8%         N/A       77%         4
 Lehudib's Crystal Spear  Conj/Erth      5%         10d3      100%        8

Inventory:

Hand Weapons
 c - a +0 club (weapon) {mace}
   (You took it off a goblin on level 1 of the Dungeon)
 d - a +0 dagger {short}
   (You took it off a goblin on level 1 of the Dungeon)
 e - a +0 spear {polearm}
   (You found it on level 1 of the Dungeon)
Armour
 a - a +0 robe (worn)
Scrolls
 b - 3 scrolls of teleportation {unknown}
 f - a scroll of acquirement {unknown}
 g - a scroll of vulnerability {unknown}

Dungeon Overview and Level Annotations

Branches:
Dungeon (1/15) Zot: 4928

Altars:

#.##.# #### ###
#.##.# ... ..
#....# ##..##..
#..### ....#.##
#..# #...... #..#
#.#โ€ #.####
'..###
#........###
##.รท.# #.K......#
##.### #.@#.#.#.#
...######
#....#...#
........#
##.#.#...#####
........#
#...........#
........#
##..##......#
##...####
######..##.###..#
#...#
##.......##......#
#...#
#...!...######...#
#...# #..######
#.###


You could see a kobold.


Message History

Your mp is fully restored (6).
The magic dart hits the goblin. ๐Ÿ˜Ž MP[-1]
You lost 1 mp, and now have 5/6 mp.
The magic dart hits the goblin.
You kill the goblin!
You have reached level 3!
Your experience leads to an increase in your attributes!
Increase (S)trength, (I)ntelligence, or (D)exterity?
You feel clever. x2
You feel more in touch with the powers of death. ๐Ÿ˜Ž HP[+5]
You now have 24 max hp (+5).
Your hp is fully restored (24).
g - a scroll labelled PAIBIO IMIHAZE ๐Ÿ˜Ž MP[+3]
Your mp is fully restored (8).
Key pressed, stopping explore.
A hobgoblin comes into view.
The hobgoblin shouts!
A kobold comes into view.
It is wielding a +3 short sword of protection.
The magic dart hits the hobgoblin but does no damage.
The kobold throws a stone.
The stone barely misses you. ๐Ÿ˜Ž MP[-1]
You lost 1 mp, and now have 7/8 mp.
The magic dart hits the hobgoblin.
The magic dart hits the kobold but does no damage.
The magic dart hits the hobgoblin.
You kill the hobgoblin!
The kobold throws a stone.
The stone hits you but does no damage.
The magic dart hits the kobold but does no damage.
The magic dart hits the kobold but does no damage.
The kobold throws a stone.
The stone hits you.
You miscast Magic Dart.
You are very lightly contaminated with residual magic.
Nothing appears to happen. ๐Ÿ˜• HP[-1] MP[-6]
You take 1 damage, and now have 23/24 hp.
You lost 6 mp, and now have 1/8 mp.
Casting: Magic Dart (safe; 3% risk of failure)
Confirm with . or Enter, or press ? or * to list all spells.
Aiming: Magic Dart (safe; 3% risk of failure)
Press: ? - help, Shift-Dir - straight line, f/p - kobold
Aim: a kobold, wielding a +3 short sword of protection and quivering stones (100% to hit)
The magic dart hits the kobold but does no damage. ๐Ÿ˜• MP[-1]
You lost 1 mp, and now have 0/8 mp.
The kobold hits you with a +3 short sword of protection. ๐Ÿ˜• HP[-1]
You take 1 damage, and now have 22/24 hp.
You hit the kobold.
The kobold closely misses you. ๐Ÿ˜• MP[+1]
You closely miss the kobold. The kobold barely misses you. x2
You hit the kobold but do no damage.
The kobold hits you with a +3 short sword of protection.
Your magical contamination has completely faded away. ๐Ÿ˜ฎ HP[-5]
You take 5 damage, and now have 17/24 hp.
MASSIVE DAMAGE!! (PAUSE)
You barely miss the kobold.
The kobold hits you with a +3 short sword of protection. ๐Ÿ˜ฎ HP[-4]
You take 4 damage, and now have 13/24 hp.
You hit the kobold but do no damage.
The kobold hits you with a +3 short sword of protection.
* * * LOW HITPOINT WARNING * * *
The kobold hits you with a +3 short sword of protection.
* * * LOW HITPOINT WARNING * * *
๐Ÿ˜จ HP[-5]
You take 5 damage, and now have 8/24 hp.
MASSIVE DAMAGE!! (PAUSE) Unknown command.
You can't drink.
Casting: Magic Dart (safe; 3% risk of failure)
Confirm with . or Enter, or press ? or * to list all spells.
Aiming: Magic Dart (safe; 3% risk of failure)
Press: ? - help, Shift-Dir - straight line, f/p - kobold
Aim: a kobold, wielding a +3 short sword of protection and quivering stones (severely wounded, 100% to hit)
The magic dart hits the kobold but does no damage.
The kobold hits you with a +3 short sword of protection.
* * * LOW HITPOINT WARNING * * *
๐Ÿ˜ฑ HP[-3] MP[-1]
You take 3 damage, and now have 5/24 hp.
You lost 1 mp, and now have 0/8 mp.
Okay, then.
You have nothing you can fire or use right now.
You hit the kobold but do no damage.
The kobold hits you with a +3 short sword of protection.
* * * LOW HITPOINT WARNING * * *
๐Ÿ˜ฑ HP[-2]
You take 2 damage, and now have 3/24 hp.
The kobold attacks as you move away!
The kobold barely misses you. ๐Ÿ˜ฑ MP[+1]
Casting: Magic Dart (safe; 3% risk of failure)
Confirm with . or Enter, or press ? or * to list all spells.
Aiming: Magic Dart (safe; 3% risk of failure)
Press: ? - help, Shift-Dir - straight line, f/p - kobold
Aim: a kobold, wielding a +3 short sword of protection and quivering stones (severely wounded, 100% to hit)
The magic dart hits the kobold but does no damage.
The kobold hits you with a +3 short sword of protection.
You die...

Skill      XL: |  1 |
---------------+----+-----
Spellcasting   | 3 |  3.5
Dodging        | |  1.5
Stealth        | |  1.5
Conjurations   | |  3.6
Earth Magic    | |  0.5

Action                   || total
-------------------------++-------
Melee: Unarmed           ||     9
       Club              ||    13
 Cast: Magic Dart        ||    55
Armor: Robe              ||     3
Dodge: Dodged            ||    23

Levels and vault maps discovered:
D:1:      minmay_arrival_wavy_path, layout_basic,
          hellmonk_ecumenical_altar_run_dry

Notes
Turn   | Place    | Note
-------+----------+-------------------------------------------
     0 | D:1      | spaghetti the Mummy Conjurer began the quest for the Orb.
     0 | D:1      | Reached XP level 1. HP: 13/13 MP: 4/4
     0 | D:1      | magus.rc [v1.9.6]
   104 | D:1      | You pick up a book of Armaments and begin reading...
   104 | D:1      | You add the spells Stone Arrow, Animate Armour and
                  | Lehudib's Crystal Spear to your library.
   230 | D:1      | Reached skill level 3 in Spellcasting
   340 | D:1      | Reached XP level 2. HP: 19/19 MP: 1/6
   494 | D:1      | You pick up a book of Minor Magic and begin reading...
   494 | D:1      | You add the spells Call Imp and Mephitic Cloud to your
                  | library.
   770 | D:1      | Found a faded altar of an unknown god.
   926 | D:1      | Gained mutation: You are in touch with the powers of death.
                  | [Mummy growth]
   926 | D:1      | Reached XP level 3. HP: 24/24 MP: 5/8
  1064 | D:1      | HP: 5/24 [kobold/+3 short sword of protection (3)]
  1067 | D:1      | Slain by a kobold

Vanquished Creatures
  A dart slug (D:1)
  2 ball pythons (D:1)
  2 endoplasms (D:1)
  A giant cockroach (D:1)
  3 goblins (D:1)
  3 hobgoblins (D:1)
  3 jackals (D:1)
  2 quokkas (D:1)
  2 bats (D:1)
  2 frilled lizards (D:1)
  2 kobolds (D:1)
  A rat (D:1)
24 creatures vanquished.

Table legend:
 A = Non-vault XP
 B = Vault XP
 C = Vault XP percentage of total XP
 D = Non-vault monster count
 E = Vault monster count
 F = Vault count percentage of total count
                 A         B        C        D         E       F
            +---------+---------+-------+---------+---------+-------
      Total |      44 |       0 |   0.0 |      24 |       0 |   0.0
            +---------+---------+-------+---------+---------+-------
        D:1 |      44 |       0 |   0.0 |      24 |       0 |   0.0
            +---------+---------+-------+---------+---------+-------

Illustrated notes

Table legend:
 A = Kills in this place as a percentage of kills in entire the game.
 B = Kills by you in this place as a percentage of kills by you in the entire game.
 C = Kills by friends in this place as a percentage of kills by friends in the entire game.
 D = Other kills in this place as a percentage of other kills in the entire game.
 E = Experience gained in this place as a percentage of experience gained in the entire game.
 F = Experience gained in this place divided by the number of levels of this place that you have seen.
                   A       B       C       D       E      F
               +-------+-------+-------+-------+-------+----------------------
         Total | 100.0 | 100.0 |   N/A |   N/A | 100.0 |  44.0
       Dungeon | 100.0 | 100.0 |   N/A |   N/A | 100.0 |  44.0
               +-------+-------+-------+-------+-------+----------------------

Table legend: (Time is in decaauts)
 A = Elapsed time spent in this place.
 B = Non-inter-level travel time spent in this place.
 C = Inter-level travel time spent in this place.
 D = Time resting spent in this place.
 E = Time spent auto-exploring this place.
 F = Levels seen in this place.
 G = Mean time per level.
                   A        B        C        D        E       F      G
               +--------+--------+--------+--------+--------+-----+--------+
         Total |   1070 |   1070 |      0 |      0 |    937 |   1 | 1070.0 |
       Dungeon |   1070 |   1070 |      0 |      0 |    937 |   1 | 1070.0 |
               +--------+--------+--------+--------+--------+-----+--------+

Top non-repeatable levels by time:
     D:1: 1070 daAuts
